 Dungeon Crawl Stone Soup version 0.23-a0-644-gb60d84b635 (webtiles) character file.

96 Morenatsu the Cudgeler (level 4, 0/48 HPs)
             Began as an Ogre Fighter on Jan 1, 2019.
             Slain by a hobgoblin
             ... wielding a +0 club
              (4 damage)
             ... on level 2 of the Dungeon.
             The game lasted 00:04:06 (2261 turns).

Morenatsu the Cudgeler (Ogre Fighter)               Turns: 2261, Time: 00:04:06

Health: 0/48       AC:  3    Str: 21    XL:     4   Next: 67%
Magic:  4/4        EV: 10    Int:  9    God:
Gold:   89         SH:  0    Dex:  8    Spells: 3/3 levels left

rFire    . . .     SeeInvis .   a - +0 flail
rCold    . . .     Gourm    .   (no shield)
rNeg     . . .     Faith    .   b - +0 robe
rPois    .         Spirit   .   (helmet restricted)
rElec    .         Reflect  .   (no cloak)
rCorr    .         Harm     .   (gloves unavailable)
MR       .....                  (boots unavailable)
Stlth    +.........             (no amulet)
HPRegen  0.16/turn              (no ring)
MPRegen  0.09/turn              (no ring)

@: lethally poisoned (0 -> -5)
A: large, unfitting armour, tough skin 1
a: no special abilities


You were on level 2 of the Dungeon.
You were very hungry.

You visited 1 branch of the dungeon, and saw 2 of its levels.

You collected 89 gold pieces.

Inventory:

Hand Weapons
 a - a +0 flail (weapon)
Armour
 b - a +0 robe (worn)
Wands
 l - a wand of polymorph (5)
Scrolls
 i - a scroll of identify
Potions
 d - a potion of might
 e - a potion of haste
 g - a potion of curing
 h - a potion of agility
 j - a potion of cancellation
Comestibles
 f - 4 rations


   Skills:
 - Level 4.0 Fighting
 + Level 4.3 Maces & Flails
 - Level 2.6 Dodging
   Level 2.6 Shields


You had 3 spell levels left.
You didn't know any spells.
Your spell library was empty.

Dungeon Overview and Level Annotations

Branches:
Dungeon (2/15)

Altars:
Xom


Innate Abilities, Weirdness & Mutations

You are too large for most types of armour.
You have tough skin. (AC +1)


Message History

The hobgoblin hits you but does no damage.
The adder barely misses you.
You hit the adder.
The adder is almost dead.
You feel sick. The hobgoblin closely misses you. The adder bites you.
The hobgoblin hits you with a +0 club.
You closely miss the adder.
The adder is almost dead.
You feel sick. The adder bites you. The adder barely misses you.
The hobgoblin hits you with a +0 club.
* * * LOW HITPOINT WARNING * * *
Unknown command.
You hit the adder.
You kill the adder!
You feel sick. The hobgoblin barely misses you.
You feel sick. The hobgoblin hits you with a +0 club!
* * * LOW HITPOINT WARNING * * *
You see here an adder corpse.
You barely miss the hobgoblin. The hobgoblin hits you with a +0 club.
You die...

#.#....# #.#..#+####
#.##.......
############..........
#......#......#.......
#....(.#......#.#####.
#......#......#.# #.
##....g.#......#.# #.
#.....@.'...<#.#.# #.
#.......##.###.#.#####.
#..............#.....#.
#........#.#########.#.
#.######.#.##......#.##
#,,,,,,..#.##.####.#.#
******####....# #.#.#
###### #...# #####


You could see a hobgoblin.

Vanquished Creatures
  Robin (D:2)
  3 adders (D:2)
  2 worms (D:2)
  A leopard gecko (D:1)
  2 giant cockroaches
  11 goblins
  10 hobgoblins
  4 jackals (D:2)
  A ball python (D:2)
  3 bats
  3 frilled lizards (D:1)
  4 kobolds
  4 rats
49 creatures vanquished.

Notes
Turn   | Place    | Note
-------+----------+-------------------------------------------
     0 | D:1      | Morenatsu the Ogre Fighter began the quest for the Orb.
     0 | D:1      | Reached XP level 1. HP: 24/24 MP: 1/1
   132 | D:1      | Reached XP level 2. HP: 32/32 MP: 2/2
   914 | D:2      | Reached XP level 3. HP: 33/39 MP: 3/3
  1496 | D:2      | Found a shimmering altar of Xom.
  1854 | D:2      | Reached XP level 4. HP: 37/48 MP: 4/4
  1870 | D:2      | Noticed Robin
  1896 | D:2      | Killed Robin
  2261 | D:2      | Slain by a hobgoblin

Vault maps used:
D:1:      ncdulo_watergridlock, serial_forest, infiniplex_forest_pool,
          infiniplex_forest_end_3, infiniplex_forest_clump_diagonal,
          infiniplex_forest_straight_5, infiniplex_forest_zigzag_2,
          infiniplex_forest_lined_4_way, infiniplex_forest_clump_curved,
          infiniplex_forest_end_2
D:2:      xom_teletrap_fun, uniq_robin

Skill      XL: |  1  2  3  4 |
---------------+-------------+-----
Maces & Flails | 2 3 4 |  4.3
Fighting       | |  4.0
Dodging        | |  2.6
Shields        | |  2.6

Action                   |  1- 3 |  4- 6 || total
-------------------------+-------+-------++-------
Melee: Flail             |    88 |    46 ||   134
  Use: Potion            |     2 |       ||     2
       Scroll            |       |     5 ||     5
  Eat: Chunk             |     3 |       ||     3
Armor: Robe              |    37 |    10 ||    47
       Skin              |       |    33 ||    33
Dodge: Dodged            |    77 |    25 ||   102

Table legend:
 A = Non-vault XP
 B = Vault XP
 C = Vault XP percentage of total XP
 D = Non-vault monster count
 E = Vault monster count
 F = Vault count percentage of total count
                 A         B        C        D         E       F
            +---------+---------+-------+---------+---------+-------
      Total |     104 |      34 |  24.6 |      38 |      11 |  22.4
            +---------+---------+-------+---------+---------+-------
        D:1 |      33 |       0 |   0.0 |      20 |       0 |   0.0
        D:2 |      71 |      34 |  32.4 |      18 |      11 |  37.9
            +---------+---------+-------+---------+---------+-------
